 Dungeon Crawl Stone Soup version 0.31-a0-920-g28cbb04a8c (webtiles) character file.

Game seed: 3477228348795142615

35804 Shayle the Mimic (level 14, -1/162 HPs)
             Began as a Human Shapeshifter on Oct 18, 2023.
             Was a Believer of Ashenzari.
             Slain by a slime creature (4 damage)
             ... on level 13 of the Dungeon.
             The game lasted 01:05:36 (19980 turns).

Shayle the Mimic (Human Shapeshifter)              Turns: 19980, Time: 01:05:37

Health: -1/162     AC: 27    Str: 15    XL:     14   Next: 20%
Magic:  21/21      EV:  2    Int: 15    God:    Ashenzari [**....]
Gold:   926        SH:  0    Dex: 13    Spells: 18/22 levels left

rFire   + . .        I - +4 quarterstaff (chaos)
rCold   . . .        (shield currently unavailable)
rNeg    . . .        t - melded +3 troll leather armour of Ashenzari's Sun {Regen+, Snorg, Dev, Alch} (curse)
rPois   +            (helmet currently unavailable)
rElec   .            O - melded +2 cloak of Ashenzari's Fallacy {Comp, Self} (curse)
rCorr   .            g - melded +1 pair of gloves of Toth-Mos's Legacy {Elem, Comp} (curse)
SInv    +            (boots currently unavailable)
Will    +....        (no amulet)
Stlth   +            M - ring of Ashenzari's Affliction {rF+, Fort, Bglg} (curse)
HPRegen 1.27/turn    B - ring of see invisible
MPRegen 0.17/turn

%: no passive effects
@: mighty, tree-form
A: stationary, stasis, torment immunity, boosted hp, (beak), regeneration 1
a: Renounce Religion, Curse Item, Shatter the Chains


You were on level 13 of the Dungeon.
You worshipped Ashenzari.
Ashenzari was pleased with you.
You were a tree.
You visited 2 branches of the dungeon, and saw 18 of its levels.
You also visited: Ossuary and Bailey.

You collected 926 gold pieces.

Inventory:

Hand Weapons
 b - a +2 trident of venom
 j - a +6 scimitar of flaming
 l - a +2 flail of venom
 o - a +4 whip
 s - a +3 short sword of protection
 G - the +3 falchion of Equilibrium {speed, rF+ Dex+4}
   (You found it on level 8 of the Dungeon)

   Dex+4:     It affects your dexterity (+4).
   rF+:       It protects you from fire.
 I - a +4 quarterstaff of chaos (weapon)
 K - the +3 hammer "Nexur" {heavy, Int+4}
   (You found it on level 6 of the Dungeon)

   Int+4:     It affects your intelligence (+4).
 N - a +3 heavy hand axe
Missiles
 H - a curare-tipped dart
 P - 4 atropa-tipped darts
Armour
 g - the cursed +1 pair of gloves of Toth-Mos's Legacy (melded) {Elem, Comp}
   (You found it on level 1 of the Dungeon)

   It has a curse which improves the following skills: Elements: Fire Magic, Ice
   Magic, Air Magic and Earth Magic.
   Companions: Summonings and Necromancy.
 n - the +4 ring mail of Clean Satisfaction {rF+ MP+9 Str-5}
   (You found it in a bailey)

   Str-5:     It affects your strength (-5).
   rF+:       It protects you from fire.
   MP+9:      It affects your magic capacity (+9).
 p - a +5 ring mail of fire resistance
 q - +0 steam dragon scales
 r - a +2 leather armour of willpower
 t - the cursed +3 troll leather armour of Ashenzari's Sun (melded) {Regen+, Snorg, Dev, Alch}
   (You found it on level 11 of the Dungeon)

   Regen+:    It increases your rate of health regeneration.
   It has a curse which improves the following skills: Devices: Evocations and
   Shapeshifting.
   Alchemy:   Poison Magic and Transmutations.
 y - +1 acid dragon scales
 C - a +2 robe of cold resistance
 O - the cursed +2 cloak of Ashenzari's Fallacy (melded) {Comp, Self}
   (You found it on level 7 of the Dungeon)

   It has a curse which improves the following skills: Companions: Summonings
   and Necromancy.
   Introspection: Fighting and Spellcasting.
 Q - a +0 helmet
Jewellery
 v - a ring of ice
 x - a ring of wizardry
 B - a ring of see invisible (right branch)
 M - the cursed ring of Ashenzari's Affliction (left branch) {rF+, Fort, Bglg}
   (You took it off an orc wizard on level 7 of the Dungeon)

   [ring of protection from fire]

   rF+:       It protects you from fire.
   It has a curse which improves the following skills: Fortitude: Armour and
   Shields.
   Beguiling: Conjurations, Hexes and Translocations.
 R - a +6 ring of strength
Talismans
 c - a beast talisman
 d - a flux talisman
 S - a talisman of death
Wands
 V - a wand of digging (4)
Scrolls
 a - 5 scrolls of teleportation
 e - 2 scrolls of vulnerability
 i - a scroll of torment
 k - 4 scrolls of amnesia
 m - 5 scrolls of revelation
 F - a scroll of brand weapon
 J - 2 scrolls of fog
 L - 8 scrolls of poison
 U - a scroll of acquirement
 X - a scroll of immolation
 Z - a scroll of blinking
Potions
 f - 4 potions of haste
 u - 3 potions of attraction
 w - 5 potions of brilliance
 z - 3 potions of mutation
 A - a potion of enlightenment
 E - 2 potions of resistance
 W - a potion of lignification


   Skills:
 - Level 9.3 Fighting
 - Level 7.1(8.3) Armour
 - Level 5.9 Dodging
 - Level 9.5 Unarmed Combat
 - Level 4.7 Spellcasting
 - Level 7.0(8.2) Conjurations
 - Level 4.0(5.1) Hexes
 - Level 4.0(5.0) Translocations
 - Level 1.1 Fire Magic
 - Level 1.1 Ice Magic
 - Level 5.7 Air Magic
 + Level 14.4 Shapeshifting


You had 18 spell levels left.
You knew the following spells:

 Your Spells              Type           Power      Damage    Failure   Level
a - Airstrike             Air            10%        2d(2-18)  16%         4

Your spell library contained the following spells:

 Spells                   Type           Power      Damage    Failure   Level
 Shock                    Conj/Air       96%        1d9       1%          1
 Foxfire                  Conj/Fire      68%        2x1d7     2%          1
 Swiftness                Air            20%        N/A       4%          3
 Ensorcelled Hibernation  Hex/Ice        26%        N/A       7%          2
 Stone Arrow              Conj/Erth      30%        3d8       10%         3
 Cigotuvi's Dreadful Rot  Necr/Pois/Air  18%        N/A       12%         2
 Sandblast                Erth           6%         2d5       17%         1
 Summon Small Mammal      Summ           12%        N/A       17%         1
 Summon Guardian Golem    Hex/Summ       11%        N/A       17%         3
 Passwall                 Tmut/Erth      2%         N/A       26%         2
 Wereblood                Tmut           3%         N/A       26%         2
 Arcjolt                  Conj/Air       12%        1d22      26%         5
 Brom's Barrelling Bould  Conj/Erth      15%        2d4       30%         4
 Call Canine Familiar     Summ           3%         N/A       45%         3
 Animate Dead             Necr           3%         N/A       86%         4
 Dispel Undead            Necr           3%         3d7       86%         4
 Petrify                  Tmut/Erth      3%         N/A       86%         4
 Starburst                Conj/Fire      8%         6d4       98%         6
 Plasma Beam              Fire/Air       6%         2x1d17    99%         6
 Orb of Destruction       Conj           14%        9d7       99%         7
 Death Channel            Necr           1%         N/A       100%        6
 Haunt                    Necr/Summ      1%         N/A       100%        7
 Spellforged Servitor     Conj/Summ      7%         N/A       100%        7
 Infestation              Necr           1%         N/A       100%        8


Dungeon Overview and Level Annotations

Branches:
Dungeon (13/15)            Temple (0/1) D:7            Lair (5/5) D:11
  Swamp (0/4) Lair:3       Spider (0/4) Lair:2          Orc (0/2) D:9
Ossuary (visited)          Bailey (visited)
  Slime: Lair:4-5    Vaults: D:13-14

Altars:
Ashenzari
Cheibriados
Elyvilon
Fedhas
Gozag
Hepliaklqana
Makhleb
Ru
Vehumet
Xom
Yredelemnul
The Shining One

Shops:
D:10 (

Annotations:
D:4 1 runed translucent door, laschroeter's ghost, amateur MiFi
Lair:5 Sonja


Innate Abilities, Weirdness & Mutations

You are a tree.
Your roots penetrate the ground, keeping you stationary.
You cannot be teleported.
You are immune to unholy pain and torment.
Your maximum health is greatly increased.
Your equipment is partially melded.
((You have a beak for a mouth.))
Your natural rate of healing is unusually fast.


Message History

You assume a fearsome visage.
The slime creature looks frightened! x3
The boulder beetle resists with some effort.
Cornered, the slime creature turns to fight!
Okay, then.
The slime creature hits you.
* * * LOW HITPOINT WARNING * * *
Unknown command.
You hit the slime creature.
The slime creature is heavily wounded.
The slime creature hits you but does no damage.
You sock the slime creature! You freeze the slime creature.
The slime creature is severely wounded.
The slime creature hits you but does no damage. x2
You thump the slime creature!
You kill the slime creature!
The slime creature seems to regain its courage.
You hit the boulder beetle but do no damage.
You drain the boulder beetle.
The boulder beetle is lightly wounded.
The boulder beetle bites you but does no damage.
You feel very mighty all of a sudden.
The boulder beetle bites you but does no damage.
You barely miss the boulder beetle.
The boulder beetle is lightly wounded.
The boulder beetle bites you but does no damage.
You sock the boulder beetle!
The boulder beetle is lightly wounded.
The boulder beetle bites you!
* * * LOW HITPOINT WARNING * * *
The slime creature hits you but does no damage.
The boulder beetle bites you but does no damage.
The slime creature hits you!
* * * LOW HITPOINT WARNING * * *
Okay, then.
Okay, then.
You hit the boulder beetle but do no damage.
The boulder beetle is lightly wounded.
The boulder beetle bites you but does no damage.
The slime creature hits you.
You die...

#.#.####...#.#
#..##.#
#.⌠.##...)# #
....
#.#.##.....#
.....
#.....#c.{.<#.#
.......
.c.#.....###.#.#
..8....# ##
#....## #.#{#
........# #.#.#
#.#.#
#.#.#####J#.#
.......B♣.#.#
.####..#####
...., ##.# .. .


You could see a boulder beetle (drained) and a slime creature.

Vanquished Creatures
  Snorg (D:11)
  Josephine (D:11)
  3 hydras
  Fannar (Lair:1)
  A centaur warrior (D:13)
  2 death yaks (Lair:3)
  A two-headed ogre (D:8)
  Erica (D:8)
  A skyshark (Lair:3)
  2 bog bodies (Lair:3)
  An orc knight (Bailey)
  A cyclops (D:12)
  3 black mambas
  14 cane toads
  A torpor snail (Lair:2)
  A gargoyle (D:11)
  2 rime drakes
  A kobold demonologist (D:9)
  2 unseen horrors (D:11)
  An efreet (D:13)
  4 komodo dragons
  A polar bear (Lair:2)
  5 trolls
  A hornet (D:9)
  5 blink frogs (Lair:2)
  A shadow (D:10)
  A fire elemental (Lair:5)
  A slime creature (D:13)
  5 wraiths
  42 yaks
  A vampire (D:12)
  3 basilisks
  3 wyverns
  4 vampire mosquitoes (D:11)
  Menkaure (D:4)
  3 steam dragons
  An acid dragon (D:11)
  9 water moccasins
  12 orc warriors
  A meliai simulacrum (D:13)
  2 sky beasts
  18 wolves
  2 black bears
  4 centaurs
  A phantom (D:4)
  2 kobold brigands
  6 bullfrogs
  A gnoll sergeant (D:9)
  3 scorpions
  2 water moccasin zombies (Ossuary)
  7 wights
  4 killer bees (D:11)
  A howler monkey (D:6)
  5 hounds
  A gnoll bouda (D:5)
  4 jellies
  8 orc priests
  Crazy Yiuf (D:6)
  2 iguanas
  Natasha (thrice) (D:2)
  8 orc wizards
  A sleepcap (D:7)
  2 mummies (Ossuary)
  14 adders
  8 gnolls
  A shadow imp (D:5)
  A white imp (D:6)
  3 ufetubi
  3 adder zombies (Ossuary)
  A worm (D:4)
  A dart slug (D:2)
  48 orcs
  8 ball pythons
  5 endoplasms
  2 giant cockroaches (D:4)
  3 gnoll zombies (Ossuary)
  7 hobgoblins
  9 jackals (D:1)
  18 kobolds
  4 quokkas
  4 frilled lizards
  7 goblins
  2 hobgoblin zombies (Ossuary)
  4 kobold zombies (Ossuary)
  10 orc zombies (Ossuary)
  4 rats (D:1)
  A butterfly (Lair:2)
401 creatures vanquished.

Vanquished Creatures (collateral kills)
  A water moccasin (Lair:5)
  A wolf (D:13)
  A white imp (D:13)
3 creatures vanquished.

Grand Total: 404 creatures vanquished

Notes
Turn   | Place    | Note
-------+----------+-------------------------------------------
     0 | D:1      | Shayle the Human Shapeshifter began the quest for the Orb.
     0 | D:1      | Reached XP level 1. HP: 15/15 MP: 1/1
    54 | D:1      | Reached XP level 2. HP: 20/21 MP: 2/2
   125 | D:1      | Found a faded altar of an unknown god.
   260 | D:1      | Reached XP level 3. HP: 21/26 MP: 3/3
   917 | D:2      | Reached XP level 4. HP: 32/33 MP: 4/4
   935 | D:2      | Noticed Natasha
   947 | D:2      | Killed Natasha
  1232 | D:2      | You fall into a shaft and drop 1 floor!
  1487 | D:2      | Noticed Natasha
  1501 | D:2      | Killed Natasha
  1502 | D:2      | Reached XP level 5. HP: 34/38 MP: 5/5
  1689 | D:2      | Noticed Natasha
  1696 | D:2      | Killed Natasha
  1697 | D:2      | Reached skill level 4 in Shapeshifting
  1884 | D:3      | Found a basalt altar of Yredelemnul.
  2417 | D:4      | Found a radiant altar of Vehumet.
  2423 | D:4      | Reached XP level 6. HP: 41/46 MP: 6/6
  2440 | D:4      | Noticed laschroeter's ghost (amateur MiFi)
  2441 | D:4      | Found a runed translucent door.
  2534 | D:4      | Found a sand-covered staircase.
  2541 | Ossuary  | Entered an ossuary
  2832 | D:4      | Noticed Menkaure
  2929 | D:4      | Reached XP level 7. HP: 32/51 MP: 7/7
  3083 | D:4      | Reached skill level 5 in Shapeshifting
  3747 | D:4      | Found a sacrificial altar of Ru.
  3780 | D:5      | Entered Level 5 of the Dungeon
  3810 | D:4      | Reached XP level 8. HP: 49/58 MP: 8/8
  4144 | D:5      | Found a broken altar of Ashenzari.
  4210 | D:5      | Reached skill level 6 in Shapeshifting
  4268 | D:5      | Became a worshipper of Ashenzari the Shackled
  4550 | D:5      | Reached skill level 5 in Unarmed Combat
  4649 | D:6      | Found an opulent altar of Gozag.
  4976 | D:6      | Found a shimmering altar of Xom.
  5269 | D:6      | Found a white marble altar of Elyvilon.
  5278 | D:6      | Found a hazy altar of Hepliaklqana.
  5479 | D:6      | Found a snail-covered altar of Cheibriados.
  5793 | D:6      | Reached skill level 5 in Dodging
  5802 | D:6      | Reached XP level 9. HP: 60/66 MP: 9/9
  5885 | D:6      | Reached skill level 7 in Shapeshifting
  6553 | D:6      | Found a runed translucent door.
  6554 | D:6      | Noticed Crazy Yiuf
  6566 | D:6      | Killed Crazy Yiuf
  6567 | D:6      | Reached skill level 5 in Fighting
  6577 | D:6      | Identified the +3 hammer "Nexur" {heavy, Int+4}
  6796 | D:7      | Found a staircase to the Ecumenical Temple.
  7192 | D:4      | Killed Menkaure
  8080 | D:7      | Reached skill level 1 in Armour
  8080 | D:7      | Reached skill level 1 in Hexes
  8080 | D:7      | Reached skill level 1 in Translocations
  8085 | D:7      | Reached skill level 1 in Conjurations
  8326 | D:8      | Found a flagged portal.
  8341 | Bailey   | Entered a bailey
  8611 | Bailey   | Reached XP level 10. HP: 37/76 MP: 10/10
  8976 | Bailey   | Reached skill level 8 in Shapeshifting
  9386 | Bailey   | Acquired a manual of Shapeshifting
  9388 | Bailey   | Noticed an orc knight
  9397 | Bailey   | Killed an orc knight
  9529 | Bailey   | Identified the +4 ring mail of Clean Satisfaction {rF+ MP+9
                  | Str-5}
  9557 | D:8      | Identified the +3 falchion of Equilibrium {speed, rF+
                  | Dex+4}
 10193 | D:9      | Paralysed by a hornet for 2 turns
 10570 | D:9      | Found a glowing golden altar of the Shining One.
 10672 | D:9      | Noticed a kobold demonologist
 10678 | D:9      | Noticed Erica
 10712 | D:8      | Gained mutation: Your natural rate of healing is unusually
                  | fast. [potion of mutation]
 10712 | D:8      | Gained mutation: You have a beak for a mouth. [potion of
                  | mutation]
 10736 | D:8      | Noticed a two-headed ogre
 10744 | D:8      | Killed a two-headed ogre
 10745 | D:8      | Reached XP level 11. HP: 53/83 MP: 11/11
 10921 | D:8      | Learned a level 4 spell: Airstrike
 11120 | D:8      | Killed Erica
 11121 | D:8      | Reached skill level 1 in Air Magic
 11121 | D:8      | Reached skill level 9 in Shapeshifting
 11395 | D:9      | Found a staircase to the Orcish Mines.
 11657 | D:10     | Entered Level 10 of the Dungeon
 11860 | D:10     | Found Cotsao Vuic's Weapon Emporium.
 11864 | D:10     | Found a blossoming altar of Fedhas.
 11899 | D:11     | Reached * piety under Ashenzari
 12200 | D:11     | Noticed Snorg
 12215 | D:11     | Killed Snorg
 12324 | D:10     | Found a burning altar of Makhleb.
 12651 | D:11     | Reached skill level 1 in Spellcasting
 12755 | D:11     | Reached ** piety under Ashenzari
 12782 | D:11     | Reached skill level 5 in Armour
 12797 | D:10     | Reached XP level 12. HP: 94/94 MP: 15/15
 13132 | D:11     | Reached skill level 5 in Conjurations
 13147 | D:11     | Reached skill level 10 in Shapeshifting
 13263 | D:11     | Found a staircase to the Lair.
 13271 | Lair:1   | Entered Level 1 of the Lair of Beasts
 13324 | Lair:1   | Identified the cursed +2 cloak of Ashenzari's Fallacy
                  | {Comp, Self} (You found it on level 7 of the Dungeon)
 13324 | Lair:1   | Identified the cursed +1 pair of gloves of Toth-Mos's
                  | Legacy {Elem, Comp} (You found it on level 1 of the
                  | Dungeon)
 13514 | Lair:1   | Noticed Fannar
 13528 | Lair:1   | Killed Fannar
 14334 | Lair:2   | Identified the "Ynuvupp"
 14525 | Lair:2   | Found a hole to the Spider Nest.
 14748 | Lair:2   | You fall into a shaft and drop 2 floors!
 14808 | Lair:3   | Noticed a four-headed hydra
 14808 | Lair:3   | Noticed a skyshark
 15116 | Lair:4   | Reached XP level 13. HP: 82/102 MP: 18/20
 15156 | Lair:4   | Reached skill level 11 in Shapeshifting
 15339 | Lair:3   | Found a staircase to the Swamp.
 15343 | Lair:3   | Reached skill level 5 in Air Magic
 15471 | Lair:3   | Killed a four-headed hydra
 16025 | Lair:2   | Noticed a seven-headed hydra
 16145 | Lair:2   | Killed a seven-headed hydra
 17269 | Lair:3   | Noticed a six-headed hydra
 17603 | Lair:3   | Killed a six-headed hydra
 17701 | Lair:3   | Reached skill level 1 in Fire Magic
 17701 | Lair:3   | Reached skill level 1 in Ice Magic
 17843 | Lair:3   | Reached skill level 12 in Shapeshifting
 18730 | Lair:5   | Entered Level 5 of the Lair of Beasts
 18730 | Lair:5   | Noticed Sonja
 18744 | Lair:5   | Noticed a seven-headed hydra
 19105 | D:11     | Reached skill level 13 in Shapeshifting
 19239 | D:11     | Reached XP level 14. HP: 111/111 MP: 13/22
 19529 | D:12     | Noticed Josephine
 19566 | D:11     | Killed Josephine
 19567 | D:11     | Reached skill level 14 in Shapeshifting
 19979 | D:13     | HP: 1/162 [slime creature (15)]
 19980 | D:13     | Slain by a slime creature

Illustrated notes

Levels and vault maps discovered:
D:1:      ebering_trefoil_twist, layout_basic, chequers_ecumenical_altar_island
D:2:      layout_loops_ring, uniq_natasha
D:3:      layout_loops_ring, yredelemnul_altar_generic
D:4:      minmay_chambers_of_fours, layout_layer_cave, nicolae_ru_path_of_blood,
          old_standard_altar, hellmonk_ghost_happy_afterlife,
          chequers_ossuary_entry_cave, uniq_menkaure
D:5:      layout_rooms, nicolae_ashenzari_panopticon
D:6:      layout_loops_corners, xom_teletrap_fun, mainiacjoe_overflow_24_doors,
          mainiacjoe_overflow_brackets, mainiacjoe_overflow_large_starburst,
          nicolae_half_adder, uniq_crazy_yiuf_cottage
D:7:      layout_basic, minmay_temple_entry_grid
D:8:      layout_gridville, enter_bailey_3, serial_glass, glass_columns_b,
          glass_columns_a, glass_columns_a, glass_columns_c,
          due_unseen_surprise, feat_on_display
D:9:      layout_roguey, nicolae_overflow_crystal_walls, orc_david_3, uniq_erica
D:10:     layout_gridville, bloody_makhleb, fedhas_altar_3, serial_shops,
          nicolae_shop_gibbet_a_chance, serial_bayou_lake_a
D:11:     layout_cave_pods, lair_entry_dummy, uniq_snorg
D:12:     layout_loops_ring, ebering_ghost_disaster_area, uniq_josephine
D:13:     layout_basic, hangedman_vaults_entry_quadrant_bands,
          nicolae_trove_entry_crystal, serial_ice, serial_ice_h, serial_ice_c,
          serial_ice_b, serial_ice_n, portal_ice_cave_entry_animals_and_master,
          grunt_decor_mini_mirrors
Lair:1:   layout_regular_city, minmay_holes, grunt_forest_small_clearings,
          uniq_fannar
Lair:2:   layout_cave_pods, dummy_spider_entry, beast_lair_carwin_9,
          lemuel_fruit_fields
Lair:3:   layout_misc_corridors, skrybe_swamp_entry_bodies, grunt_megastairs_1,
          lemuel_fruit_tree
Lair:4:   layout_roguey
Lair:5:   grunt_lair_end_beastmaster, layout_gridlike, slime_entry_1,
          st_stairs_5, uniq_sonja

Skill      XL: |  1  2  3  4  5  6  7  8  9 10 11 12 13 14 |
---------------+-------------------------------------------+-----
Fighting       | 2 3 4 5 6 7 8 9 |  9.3
Shapeshifting  | 4 5 6 7 8 9 10 13 14 | 14.4
Dodging        | 3 4 5 |  5.9
Unarmed Combat | 4 5 6 7 8 9 |  9.5
Armour         | 1 3 5 6 7 |  7.1
Hexes          | 1 3 4 |  4.0
Translocations | 1 3 4 |  4.0
Conjurations   | 1 3 4 6 7 |  7.0
Air Magic      | 3 4 5 |  5.7
Spellcasting   | 1 3 4 |  4.7
Fire Magic     | 1 |  1.1
Ice Magic      | 1 |  1.1

Action                     |  1- 3 |  4- 6 |  7- 9 | 10-12 | 13-15 || total
---------------------------+-------+-------+-------+-------+-------++-------
  Melee: Unarmed           |   110 |   183 |   136 |   617 |   345 ||  1391
         Punch             |       |     1 |    12 |       |       ||    13
         Short sword       |       |       |   354 |    10 |       ||   364
         Peck              |       |       |       |   126 |   110 ||   236
         Quarterstaff      |       |       |       |    19 |    18 ||    37
   Cast: Airstrike         |       |       |       |    15 |    63 ||    78
 Invoke: Curse Item        |       |       |     1 |     3 |       ||     4
  Evoke: Wand              |       |     5 |       |    15 |     4 ||    24
    Use: Potion            |       |     1 |     6 |    12 |     8 ||    27
         Scroll            |       |     5 |     6 |    16 |     3 ||    30
 Armour: Animal skin       |    35 |       |       |       |       ||    35
         Leather armour    |     6 |    25 |       |       |       ||    31
         Skin              |       |     1 |       |    53 |    63 ||   117
         Ring mail         |       |    68 |   425 |   360 |       ||   853
         Troll leather arm |       |       |       |   190 |   267 ||   457
  Dodge: Dodged            |    65 |    85 |   329 |   447 |   225 ||  1151
   Form: Flux              |       |       |     1 |       |       ||     1

Table legend: (Time is in decaauts)
 A = Elapsed time spent in this place.
 B = Non-inter-level travel time spent in this place.
 C = Inter-level travel time spent in this place.
 D = Time resting spent in this place.
 E = Time spent auto-exploring this place.
 F = Levels seen in this place.
 G = Mean time per level.
                   A        B        C        D        E       F      G
               +--------+--------+--------+--------+--------+-----+--------+
         Total |  19992 |  18903 |   1089 |   4090 |   9247 |  20 |  999.6 |
       Dungeon |  12710 |  12044 |    666 |   1884 |   6692 |  13 |  977.7 |
          Lair |   5766 |   5344 |    422 |   1325 |   2553 |   5 | 1153.2 |
       Ossuary |    263 |    263 |      0 |     33 |      2 |   1 |  263.0 |
        Bailey |   1251 |   1251 |      0 |    848 |      0 |   1 | 1251.0 |
               +--------+--------+--------+--------+--------+-----+--------+

Top non-repeatable levels by time:
  Lair:2: 2280 daAuts
     D:6: 1761 daAuts
     D:4: 1707 daAuts
    D:11: 1295 daAuts
     D:9: 1267 daAuts
  Bailey: 1251 daAuts
  Lair:1: 1238 daAuts
  Lair:3: 1208 daAuts
     D:5: 1205 daAuts
     D:7: 991 daAuts
  Lair:4: 962 daAuts
     D:8: 957 daAuts
     D:2: 855 daAuts
     D:1: 830 daAuts
    D:10: 805 daAuts
